 Dungeon Crawl Stone Soup version 0.25.0-1-g7eea58d2a3 (webtiles) character file.

Game seed: 10583514947318908480

200 Fv001 the Stinger (level 5, -2/37 HPs)
             Began as a Barachi Venom Mage on June 14, 2020.
             Slain by an orc
             ... wielding a +0 short sword
              (3 damage)
             ... on level 4 of the Dungeon.
             The game lasted 00:08:45 (2973 turns).

Fv001 the Stinger (Barachi Venom Mage)              Turns: 2973, Time: 00:08:46

Health: -2/37      AC:  2    Str: 13    XL:     5   Next: 79%
Magic:  3/9        EV: 13    Int: 17    God:
Gold:   118        SH:  0    Dex: 12    Spells: 3/9 levels left

rFire    . . .     SeeInvis .   a - +1 whip
rCold    . . .     Gourm    .   (no shield)
rNeg     . . .     Faith    .   e - +0 robe
rPois    .         Spirit   .   (no helmet)
rElec    .         Reflect  .   (no cloak)
rCorr    .         Harm     .   (no gloves)
MR       .....                  (no boots)
Stlth    ++........             k - amulet of magic regeneration
HPRegen  0.12/turn              (no ring)
MPRegen  0.36/turn              (no ring)

@: mighty, slow
A: +LOS, swims, clever 1, slowness 1, strong 1, strong legs 1
a: Hop


You were on level 4 of the Dungeon.
You were not hungry.

You visited 1 branch of the dungeon, and saw 4 of its levels.

You collected 118 gold pieces.

Inventory:

Hand Weapons
 a - a +1 whip (weapon)
Armour
 b - a +0 leather armour
 e - a +0 robe (worn)
 l - a +0 ring mail
Jewellery
 k - an amulet of magic regeneration (around neck)
Wands
 d - a wand of random effects (17)
Scrolls
 i - 2 scrolls of enchant weapon
 j - a scroll of noise {unknown}
Potions
 f - a potion of invisibility
 g - a potion of lignification
 m - 2 potions of mutation
Comestibles
 c - 14 rations


   Skills:
 + Level 1.6 Fighting
 + Level 1.5 Maces & Flails
 + Level 1.5 Armour
 + Level 2.8 Dodging
 + Level 2.3 Stealth
 + Level 2.8 Spellcasting
 * Level 2.6 Transmutations
 + Level 1.0 Air Magic
 * Level 4.2 Poison Magic


You had 3 spell levels left.
You knew the following spells:

 Your Spells              Type           Power        Failure   Level  Hunger
a - Sting                 Tmut/Pois      ##..         4%          1    #......
b - Poisonous Vapours     Pois/Air       ##....       9%          2    ##.....
c - Ignite Poison         Fire/Tmut/Pois ##......     22%         3    ###....

Your spell library contained the following spells:

 Spells                   Type           Power        Failure   Level  Hunger
 Mephitic Cloud           Conj/Pois/Air  #.......     26%         3    ###....
 Olgreb's Toxic Radiance  Pois           ###.....     30%         4    #####..


Dungeon Overview and Level Annotations

Branches:
Dungeon (4/15)
 Temple: D:4-7

Altars:
Fedhas
Vehumet
Xom


Innate Abilities, Weirdness & Mutations

You can be seen from farther away. (+LOS)
You can swim through water.
You cover ground slowly.
You can hop short distances.
Your mind is acute. (Int +2)
Your muscles are strong. (Str +2)


Message History

The orc closely misses you.
Casting: Sting (safe; 5% risk of failure)
Confirm with . or Enter, or press ? or * to list all spells.
Aiming: Poisonous Vapours (safe; 11% risk of failure)
Press: ? - help, Dir - move target cursor, p - orc Poisonous vapours surround something!
Reactivating autopickup.
Your Air Magic skill increases to level 1!
You feel a bit more experienced. The orc misses you.
You closely miss the orc.
The orc is heavily wounded.
The orc hits you with a +0 flail!
* * * LOW HITPOINT WARNING * * *
It was a potion of mutation.
You feel extremely strange.
You feel clever.
You feel stronger. The orc hits you but does no damage.
It was a potion of might.
You feel very mighty all of a sudden.
The orc looks more healthy.
The orc hits you with a +0 short sword.
You die...

#.... ..# ..≈
#..... ..####..≈
...... #........
.....####.......#
....#.........##
#......##.... #
#....##..# .#
#.......# ..#
#..###.@# ... #.##
##o## ..# # #.#
#o.##..# #.# ##.#
##....# #..## #..#
#...## #....###.##
##.## ..........##
..#
.#####.....#####..#
##..#.........#


You could see 2 orcs.

Vanquished Creatures
  A hound (D:4)
  2 orc wizards
  An orc priest (D:4)
  A gnoll (D:1)
  2 adders
  An ooze (D:3)
  A worm (D:2)
  3 dart slugs
  3 orcs (D:3)
  A ball python (D:1)
  3 giant cockroaches (D:1)
  3 goblins (D:1)
  5 hobgoblins
  2 jackals (D:2)
  2 quokkas (D:2)
  4 bats
  3 frilled lizards (D:1)
  9 kobolds
  4 rats
  2 butterflies (D:2)
53 creatures vanquished.

Notes
Turn   | Place    | Note
-------+----------+-------------------------------------------
     0 | D:1      | Fv001 the Barachi Venom Mage began the quest for the Orb.
     0 | D:1      | Reached XP level 1. HP: 13/13 MP: 3/3
   356 | D:1      | Reached XP level 2. HP: 16/20 MP: 3/5
   360 | D:1      | Learned a level 2 spell: Poisonous Vapours
   570 | D:1      | Reached XP level 3. HP: 25/25 MP: 3/6
  1317 | D:2      | Found a shimmering altar of Xom.
  1898 | D:2      | Reached skill level 1 in Armour
  1925 | D:2      | Found a blossoming altar of Fedhas.
  2129 | D:2      | Found a radiant altar of Vehumet.
  2138 | D:2      | Reached skill level 1 in Maces & Flails
  2138 | D:2      | Reached XP level 4. HP: 19/31 MP: 5/7
  2301 | D:2      | Reached skill level 1 in Fighting
  2766 | D:3      | Noticed an ice beast
  2844 | D:3      | Learned a level 3 spell: Ignite Poison
  2867 | D:4      | Reached skill level 4 in Poison Magic
  2867 | D:4      | Reached XP level 5. HP: 37/37 MP: 1/9
  2969 | D:4      | Reached skill level 1 in Air Magic
  2970 | D:4      | HP: 1/37 [orc/+0 flail (7)]
  2972 | D:4      | Gained mutation: Your mind is acute. (Int +2) [potion of
                  | mutation]
  2972 | D:4      | Gained mutation: Your muscles are strong. (Str +2) [potion
                  | of mutation]
  2973 | D:4      | Slain by an orc

Illustrated notes

Levels and vault maps discovered:
D:1:      noname_arrival_rooms_in_the_neighbourhood, layout_loops_ring
D:2:      layout_loops_ring, xom_butterflies, lemuel_crystal_altar,
          fedhas_altar_fruit_tree
D:3:      layout_rooms, first_ration
D:4:      layout_layer_cave, temple_statues, minivault_14, uniq_sigmund

Skill      XL: |  1  2  3  4  5 |
---------------+----------------+-----
Stealth        | 2 |  2.3
Armour         | 1 |  1.5
Maces & Flails | 1 |  1.5
Transmutations | 2 |  2.6
Fighting       | 1 |  1.6
Poison Magic   | 4 |  4.2
Air Magic      | 1 |  1.0
Dodging        | |  2.8
Spellcasting   | |  2.8

Action                   |  1- 3 |  4- 6 || total
-------------------------+-------+-------++-------
Melee: Unarmed           |     4 |       ||     4
       Whip              |    47 |    23 ||    70
 Cast: Sting             |    27 |    16 ||    43
       Poisonous Vapours |    23 |    15 ||    38
  Use: Scroll            |     4 |       ||     4
       Potion            |       |     2 ||     2
 Stab: Sleeping          |     1 |       ||     1
  Eat: Chunk             |     6 |     4 ||    10
Armor: Robe              |     6 |     9 ||    15
Dodge: Dodged            |    39 |    24 ||    63
